 Dungeon Crawl Stone Soup version 0.21.0-3-g78d12a8 (webtiles) character file.

53 letownia2 the Conjurer (level 3, 0/16 HPs)
             Began as a Vine Stalker Wizard on Jan 13, 2018.
             Slain by Sigmund
             ... wielding a +0 scythe
              (4 damage)
             ... on level 2 of the Dungeon.
             The game lasted 00:03:00 (548 turns).

letownia2 the Conjurer (Vine Stalker Wizard)         Turns: 548, Time: 00:03:01

Health: 0/16       AC:  2    Str: 10    XL:     3   Next: 89%
Magic:  0/8        EV: 12    Int: 18    God:
Gold:   23         SH:  0    Dex: 12    Spells: 1/8 levels left

rFire    . . .     SeeInvis .   f - +0 dagger
rCold    . . .     Gourm    .   (no shield)
rNeg     . . .     Faith    .   a - +0 robe
rPois    .         Spirit   +   b - +0 hat
rElec    .         Reflect  .   (no cloak)
rCorr    .         Harm     .   (no gloves)
MR       .....                  (no boots)
Stlth    ++........             (no amulet)
HPRegen  0.05/turn              (no ring)
MPRegen  0.11/turn              (no ring)

@: very slightly contaminated
A: fangs 2, magic shield, antimagic bite, no potion heal 3, rot immunity
a: no special abilities


You were on level 2 of the Dungeon.
You were not hungry.

You visited 1 branch of the dungeon, and saw 3 of its levels.

You collected 23 gold pieces.

Inventory:

Hand Weapons
 f - a +0 dagger (weapon)
 j - a cursed +0 spear
Armour
 a - a +0 robe (worn)
 b - a +0 hat (worn)
 e - a +0 scale mail
Scrolls
 g - a scroll of random uselessness {unknown}
 h - 2 scrolls of remove curse {unknown}
Books
 c - a book of Minor Magic

   Spells                             Type                      Level
   a - Magic Dart                     Conjuration                  1
   b - Blink                          Translocation                2
   c - Call Imp                       Summoning                    2
   d - Slow                           Hexes                        2
   e - Conjure Flame                  Conjuration/Fire             3
   f - Mephitic Cloud                 Conjuration/Poison/Air       3
Comestibles
 d - 2 rations
 i - 4 chunks of flesh


   Skills:
 - Level 1.5 Dodging
 - Level 2.4 Stealth
 - Level 3.2 Spellcasting
 + Level 3.6 Conjurations
   Level 1.0 Summonings
   Level 1.0 Translocations


You had one spell level left.
You knew the following spells:

 Your Spells              Type           Power        Failure   Level  Hunger
a - Magic Dart            Conj           ###.         3%          1    None
c - Conjure Flame         Conj/Fire      #.......     22%         3    ###....
e - Mephitic Cloud        Conj/Pois/Air  #.......     28%         3    ###....


Dungeon Overview and Level Annotations

Branches:
Dungeon (3/15)

Altars:

Annotations:
D:2 Sigmund


Innate Abilities, Weirdness & Mutations

You have extremely sharp teeth.
When hurt, damage is shared between your health and your magic reserves.
Your bite disrupts and absorbs the magic of your enemies.
Potions cannot restore your health.
You are immune to rotting.


Message History

You hit the orc but do no damage.
The orc is heavily wounded.
The orc closely misses you.
You hit the orc. You bite the orc. You drain its power.
You feel invigorated.
You kill the orc!
Sigmund barely misses you.
Things that are here:
a whip; a scale mail
Casting: Mephitic Cloud
Confirm with . or Enter, or press ? or * to list all spells.
Aiming: Mephitic Cloud
Press: ? - help, Shift-Dir - straight line, f - Sigmund
Aim: Sigmund, wielding a scythe and wearing a robe The ball explodes into a vile cloud!
The stinking cloud engulfs Sigmund.
Sigmund is engulfed in noxious fumes.
Unknown command.
Unknown command.
Unknown command.
Sigmund hits you from afar with a scythe.
You die...

#.# #........
#.# #...(....
#.# #........
###.###).......
#..######
#......########
#.@..@?#
#......# #.#
#..>...#
#§#######......#
#.).@.@........#
#########..†...#
#......#
#......#
########


You could see Sigmund.

Vanquished Creatures
  An orc wizard (D:3)
  An adder (D:2)
  2 orcs
  3 goblins
  2 hobgoblins (D:1)
  6 kobolds
  A bat (D:2)
  A frilled lizard (D:2)
  2 rats (D:1)
19 creatures vanquished.

Notes
Turn   | Place    | Note
-------+----------+-------------------------------------------
     0 | D:1      | letownia2 the Vine Stalker Wizard began the quest for the Orb.
     0 | D:1      | Reached XP level 1. HP: 9/9 MP: 5/5
   199 | D:1      | Reached XP level 2. HP: 13/13 MP: 7/7
   232 | D:1      | You fall through a shaft!
   396 | D:2      | Reached XP level 3. HP: 16/16 MP: 4/8
   445 | D:3      | Learned a level 3 spell: Mephitic Cloud
   449 | D:3      | Learned a level 3 spell: Conjure Flame
   538 | D:2      | Noticed Sigmund
   548 | D:2      | Slain by Sigmund

Skill      XL: |  1  2  3 |
---------------+----------+-----
Conjurations   | 2 3 |  3.6
Dodging        | |  1.5
Stealth        | |  2.4
Spellcasting   | |  3.2
Summonings     | |  1.0
Translocations | |  1.0

Action                   || total
-------------------------++-------
Melee: Unarmed           ||     8
       Bite              ||     6
       Dagger            ||    16
 Cast: Magic Dart        ||    42
       Mephitic Cloud    ||     2
 Stab: Sleeping          ||     2
Armor: Robe              ||     5
Dodge: Dodged            ||    17
